 Dungeon Crawl Stone Soup version 0.23-a0-550-g7de1f8e (webtiles) character file.

496 RoseArtemis the Ruffian (level 6, -1/91 HPs)
             Began as a Troll Monk on Dec 8, 2018.
             Was a Believer of Ru.
             Slain by a centaur (6 damage)
             ... on level 5 of the Dungeon.
             The game lasted 00:05:17 (2793 turns).

RoseArtemis the Ruffian (Troll Monk)                Turns: 2793, Time: 00:05:18

Health: -1/91      AC: 23    Str: 20    XL:     6   Next: 93%
Magic:  5/5        EV:  1    Int:  6    God:    Ru [**....]
Gold:   174        SH:  0    Dex: 14    Spells: 5/5 levels left

rFire    . . .     SeeInvis .     - Unarmed
rCold    . . .     Gourm    +   (no shield)
rNeg     + + +     Faith    .   (armour currently unavailable)
rPois    +         Spirit   .   (helmet currently unavailable)
rElec    .         Reflect  .   (cloak currently unavailable)
rCorr    .         Harm     .   (gloves unavailable)
MR       .....     NoTele   +   (boots unavailable)
Stlth    ++........             (no amulet)
HPRegen  0.65/turn              (no ring)
MPRegen  0.09/turn              (no ring)

@: tree-form
A: large, unfitting armour, fast metabolism 3, gourmand, regeneration 1,
inability to use devices
a: Renounce Religion


You were on level 5 of the Dungeon.
You worshipped Ru.
Ru was pleased with you.
You were full.
You were a tree.
You visited 1 branch of the dungeon, and saw 5 of its levels.

You collected 174 gold pieces.

Inventory:

Armour
 a - a +0 robe (melded)
 g - a +0 hat (melded)
Jewellery
 i - an uncursed ring of fire
Wands
 o - a wand of digging (6)
Scrolls
 e - a scroll of teleportation
 f - a scroll of amnesia
 k - a scroll of noise
 p - a scroll of fear
Potions
 c - a potion of haste {unknown}
 d - 2 potions of degeneration
 h - a potion of might
 l - a potion of resistance
 n - a potion of invisibility
 q - 2 potions of cancellation
 v - a potion of curing {unknown}
Comestibles
 b - 6 rations


   Skills:
 + Level 3.6 Fighting
 + Level 2.6 Throwing
 + Level 3.6 Dodging
 - Level 1.0 Stealth
 * Level 5.5 Unarmed Combat


You had 5 spell levels left.
You didn't know any spells.
Your spell library was empty.

Dungeon Overview and Level Annotations

Branches:
Dungeon (5/15)
 Temple: D:4-7

Altars:
Cheibriados
Kikubaaqudgha
Ru
Uskayaw
Vehumet

Annotations:
D:3 2 transporters
D:4 2 runed doors, galech's ghost, amateur DsFi


Innate Abilities, Weirdness & Mutations

You are too large for most types of armour.
((You have claws for hands.))
Your metabolism is lightning-fast.
You like to eat raw meat.
Your natural rate of healing is unusually fast.
((You are covered in fur. (AC +1)))
((You have very tough skin. (AC +2)))
You cannot study or use magical devices.


Message History

* * * LOW HITPOINT WARNING * * *
The phantom is stunned by your will and fails to attack.
The centaur shoots an arrow.
The arrow hits you.
* * * LOW HITPOINT WARNING * * *
You see here an arrow.
The centaur shoots an arrow.
The arrow closely misses you.
The phantom blinks!
Things that are here:
a wand of flame (8); a goblin corpse The centaur shoots an arrow.
The arrow hits you!
* * * LOW HITPOINT WARNING * * *
The phantom blinks!
You see here 2 arrows.
You turn into a tree.
Your +0 hat melds into your body.
Your +0 robe melds into your body.
Your roots penetrate the ground.
The centaur shoots an arrow.
The arrow hits you but does no damage.
You redirect the phantom's attack!
You cannot move.
You swing at nothing.
You hit the centaur.
The centaur unwields a +0 shortbow.
The centaur hits you.
You die...

#########
#......§##
#...#....#
##........#
#..#._.#♣.#
#......c(.#
#....#.(..#
#........(#
..(.##)...####
..........'.<#
....##....####
........$.(
...........


You could see a centaur.

Vanquished Creatures
  A hungry ghost (D:4)
  A scorpion (D:4)
  A hound (D:4)
  A centaur skeleton (D:4)
  2 orc priests (D:4)
  Jessica (D:2)
  An iguana (D:4)
  Ijyb (D:3)
  4 adders
  An ooze (D:3)
  A dart slug (D:1)
  5 leopard geckos
  7 orcs
  A bat zombie (D:2)
  2 giant cockroaches
  7 goblins
  14 hobgoblins
  A jackal (D:2)
  2 quokkas
  2 ball pythons (D:2)
  6 bats
  2 frilled lizards
  7 kobolds
  5 rats
  A rat zombie (D:2)
77 creatures vanquished.

Vanquished Creatures (others)
  An orc (D:3)
1 creature vanquished.

Grand Total: 78 creatures vanquished

Notes
Turn   | Place    | Note
-------+----------+-------------------------------------------
     0 | D:1      | RoseArtemis the Troll Monk began the quest for the Orb.
     0 | D:1      | Reached XP level 1. HP: 22/22 MP: 0/0
   168 | D:1      | Reached XP level 2. HP: 27/29 MP: 1/1
   749 | D:2      | Reached XP level 3. HP: 36/36 MP: 2/2
   809 | D:2      | Noticed Jessica
   816 | D:2      | Killed Jessica
   816 | D:2      | Reached skill level 1 in Throwing
   909 | D:2      | Found a sacrificial altar of Ru.
   921 | D:2      | Reached XP level 4. HP: 37/44 MP: 3/3
   938 | D:2      | Became a worshipper of Ru the Awakened
   960 | D:2      | Gained mutation: You cannot study or use magical devices.
                  | [Ru sacrifice]
   960 | D:2      | Reached * piety under Ru
   960 | D:2      | Reached ** piety under Ru
  1078 | D:2      | Reached skill level 4 in Unarmed Combat
  1126 | D:2      | Found a snail-covered altar of Cheibriados.
  1277 | D:2      | Found an ancient bone altar of Kikubaaqudgha.
  1522 | D:3      | Found a transporter.
  1553 | D:3      | Found a transporter.
  1693 | D:3      | Noticed Ijyb
  1705 | D:3      | Killed Ijyb
  1705 | D:3      | Reached XP level 5. HP: 53/53 MP: 4/4
  2072 | D:4      | Found a hide-covered altar of Uskayaw.
  2164 | D:4      | Reached XP level 6. HP: 60/61 MP: 5/5
  2244 | D:4      | Reached skill level 5 in Unarmed Combat
  2488 | D:4      | Noticed a hungry ghost
  2499 | D:4      | Killed a hungry ghost
  2577 | D:4      | Found a large runed door.
  2579 | D:4      | Found a large runed door.
  2580 | D:4      | Noticed galech's ghost (amateur DsFi)
  2774 | D:5      | Entered Level 5 of the Dungeon
  2776 | D:5      | Found a radiant altar of Vehumet.
  2790 | D:5      | HP: 2/61 [centaur/arrow (7)]
  2793 | D:5      | Slain by a centaur

Vault maps used:
D:1:      dpeg_chamrin_arrival_tetris, solitary_fountain
D:2:      lemuel_zombie_altar_kikubaaqudgha, cheibriados_altar_1, first_ration,
          chequers_serial_rivers_small_3, minmay_misc_feat_room,
          hangedman_decor_clover_reticule, nicolae_ru_great_annihilating_truth,
          uniq_jessica
D:3:      gammafunk_steamed_eel, uniq_ijyb
D:4:      eat_drink_and_be_merry_uskayaw, ebering_ghost_disaster_area
D:5:      vehumet_altar_wand_db, bloody_makhleb, minmay_temple_entry_tees

Skill      XL: |  1  2  3  4  5  6 |
---------------+-------------------+-----
Throwing       | 1 2 |  2.6
Unarmed Combat | 4 5 |  5.5
Fighting       | 3 |  3.6
Dodging        | 3 |  3.6
Stealth        | |  1.0

Action                   |  1- 3 |  4- 6 || total
-------------------------+-------+-------++-------
Melee: Unarmed           |    68 |   148 ||   216
       Punch             |     1 |     3 ||     4
Invok: Sacrifice Artific |       |     1 ||     1
  Use: Scroll            |     5 |    10 ||    15
       Potion            |       |     1 ||     1
 Stab: Sleeping          |     2 |     7 ||     9
       Paralysed         |     1 |       ||     1
       Invisible         |       |     1 ||     1
  Eat: Chunk             |    14 |    17 ||    31
Armor: Robe              |    11 |    37 ||    48
       Skin              |       |     1 ||     1
Dodge: Dodged            |    34 |    63 ||    97

Table legend:
 A = Non-vault XP
 B = Vault XP
 C = Vault XP percentage of total XP
 D = Non-vault monster count
 E = Vault monster count
 F = Vault count percentage of total count
                 A         B        C        D         E       F
            +---------+---------+-------+---------+---------+-------
      Total |     613 |      96 |  13.5 |      68 |       9 |  11.7
            +---------+---------+-------+---------+---------+-------
        D:1 |      33 |       0 |   0.0 |      18 |       0 |   0.0
        D:2 |      35 |      58 |  62.4 |      18 |       7 |  28.0
        D:3 |      51 |      36 |  41.4 |      17 |       1 |   5.6
        D:4 |     494 |       0 |   0.0 |      15 |       0 |   0.0
        D:5 |       0 |       2 | 100.0 |       0 |       1 | 100.0
            +---------+---------+-------+---------+---------+-------
